 Dungeon Crawl Stone Soup version 0.31.0-32-g396128a36d (webtiles) character file.

Game seed: 5805583148173523233

26090 spaghetti the Summoner (level 13, -6/70 (82) HPs)
             Began as a Tengu Chaos Knight on Mar 10, 2024.
             Was a Plaything of Xom.
             Killed from afar by Josephine (28 damage)
             ... with a ghostly fireball
             ... on level 12 of the Dungeon.
             The game lasted 00:35:20 (15047 turns).

spaghetti the Summoner (Tengu Chaos Knight)        Turns: 15047, Time: 00:35:21

HP:   -6/70 (82)    AC: 15    Str: 13    XL:     13   Next: 23%
MP:   25/28         EV: 38    Int: 20    God:    Xom [..*...]
Gold: 825           SH:  0    Dex: 13    Spells: 16/32 levels left

rFire   + + .        v - +3 flail (distort)
rCold   . . .        (no shield)
rNeg    . . .        f - +2 ring mail {rF+}
rPois   .            (helmet restricted)
rElec   .            e - +1 cloak
rCorr   .            (no gloves)
SInv    .            (boots unavailable)
Will    .....        (no amulet)
Stlth   +            y - +5 ring of evasion
HPRegen 0.31/turn    c - ring of protection from fire
MPRegen 0.21/turn

%: acrobat
@: acrobatic, flying, heavily drained, inugami summoned
A: beak, talons 3, evasive flight, acrobatic, iridescent scales 2, clever 1,
sense surroundings 2, inability to drink after injury 1
a: Renounce Religion


You were on level 12 of the Dungeon.
You worshipped Xom.
You were a toy of Xom.
You visited 2 branches of the dungeon, and saw 14 of its levels.

You collected 825 gold pieces.

Inventory:

Hand Weapons
 a - a +0 spear of chaos
 h - a +1 short sword of protection
 m - a +0 long sword of protection
 s - a +0 morningstar
 v - a +3 flail of distortion (weapon)
 G - a +7 vampiric spear
Missiles
 i - 2 silver javelins (quivered)
Armour
 b - a +2 leather armour
 e - a +1 cloak (worn)
 f - a +2 ring mail of fire resistance (worn)
Jewellery
 c - a ring of protection from fire (right hand)
 y - a +5 ring of evasion (left hand)
 D - a +6 ring of dexterity
 E - a ring of positive energy
 F - a +5 ring of evasion
 J - a ring of fire
Talismans
 j - a talisman of death
Wands
 k - a wand of iceblast (13)
 x - a wand of charming (3)
 A - a wand of mindburst (9)
 B - a wand of polymorph (7)
 H - a wand of digging (6)
Scrolls
 l - 6 scrolls of vulnerability
 n - 2 scrolls of silence
 o - a scroll of fear
 q - a scroll of torment
 t - 3 scrolls of enchant armour
 w - 4 scrolls of fog
 I - 4 scrolls of identify
Potions
 g - 9 potions of ambrosia
 p - 5 potions of mutation
 r - a potion of attraction
 u - a potion of degeneration
 z - a potion of haste
 K - 2 potions of brilliance


   Skills:
 - Level 10.0 Fighting
 - Level 3.2 Polearms
 - Level 10.0 Armour
 - Level 10.0 Dodging
 - Level 10.0 Spellcasting
 + Level 10.9 Summonings
 - Level 5.0 Fire Magic
 - Level 5.0 Evocations


You had 16 spell levels left.
You knew the following spells:

 Your Spells              Type           Power      Damage    Failure   Level
a - Call Imp              Summ           100%       N/A       1%          2
b - Call Canine Familiar  Summ           52%        N/A       1%          3
c - Summon Blazeheart Go  Fire/Summ      41%        N/A       4%          4
d - Summon Hydra          Summ           26%        N/A       77%         7

Your spell library contained the following spells:

 Spells                   Type           Power      Damage    Failure   Level
 Summon Small Mammal      Summ           100%       N/A       1%          1
 Apportation              Tloc           20%        N/A       13%         1
 Necrotise                Necr           40%        1d6       13%         1
 Slow                     Hex            40%        N/A       13%         1
 Sting                    Conj/Alch      40%        1d5       13%         1
 Mercury Vapours          Alch/Air       20%        N/A       19%         2
 Sublimation of Blood     Necr           10%        N/A       19%         2
 Confusing Touch          Hex            10%        N/A       36%         3
 Fugue of the Fallen      Necr           10%        N/A       36%         3
 Mephitic Cloud           Conj/Alch/Air  10%        N/A       36%         3
 Ozocubu's Armour         Ice            10%        N/A       36%         3
 Sigil of Binding         Hex            10%        N/A       36%         3
 Vampiric Draining        Necr           10%        2d6       36%         3
 Manifold Assault         Tloc           10%        N/A       77%         4
 Passage of Golubria      Tloc           10%        N/A       77%         4
 Vhi's Electric Charge    Tloc/Air       20%        N/A       77%         4
 Arcjolt                  Conj/Air       5%         1d15      98%         5
 Freezing Cloud           Conj/Ice/Air   5%         6-21      98%         5
 Metabolic Englaciation   Hex/Ice        5%         N/A       98%         5
 Silence                  Hex/Air        5%         N/A       98%         5
 Sculpt Simulacrum        Ice/Alch       5%         N/A       100%        6
 Lehudib's Crystal Spear  Conj/Erth      5%         10d3      100%        8
 Maxwell's Capacitive Co  Air            5%         ∞         100%        8


Dungeon Overview and Level Annotations

Branches:
Dungeon (12/15)            Temple (0/1) D:6            Lair (2/5) D:11
 Shoals (0/4) Lair:2          Orc (0/2) D:12
  Snake: Lair:2-3    Spider: Lair:2-3

Altars:
Ashenzari
Cheibriados
Dithmenos
Elyvilon
Fedhas
Kikubaaqudgha
Makhleb
Nemelex Xobeh
Ru
Sif Muna
Trog
Vehumet
Xom
Yredelemnul
The Shining One

Shops:
D:4 =

Annotations:
D:3 Crazy Yiuf
D:8 1 runed translucent door, jimmypageman's ghost, novice MiFi
D:9 exclusion: 3 doors
D:12 Josephine
Lair:2 Sonja
Abyss:1 Erica; Maurice


Innate Abilities, Weirdness & Mutations

You have a beak for a mouth.
You have claws for feet.
Your magical flight helps you evade attacks. (EV +4)
You can magically evade attacks while moving or waiting.
You are mostly covered in iridescent scales. (AC +4)
Your mind is acute. (Int +4, Str/Dex -1)
You passively map the area around you.
You occasionally lose the ability to drink potions when taking damage.


Message History

Josephine is severely wounded.
Josephine hits you with a +1 dagger of venom.
You are poisoned.
Josephine barely misses you.
You closely miss Josephine.
Josephine is severely wounded.
You feel very sick.
Josephine hits you with a +1 dagger of venom!
You feel less attractive to monsters.
You barely miss Josephine. You claw Josephine.
Josephine is severely wounded.
You feel very sick.
Josephine gestures at you while chanting.
The ghostly flame explodes!
The ghostly fireball engulfs you!
You feel drained.
The ghostly fireball engulfs Josephine.
Josephine completely resists.
You hit Josephine. You peck Josephine.
Josephine is almost dead.
Josephine blinks!
You feel sick. Josephine barely misses you. Josephine closely misses you.
You closely miss Josephine.
Josephine is severely wounded.
You feel sick.
Josephine points at you and mumbles some strange words.
The ghostly flame explodes!
The ghostly fireball engulfs you!!
You feel drained.
* * * LOW HITPOINT WARNING * * *
The ghostly fireball engulfs Josephine.
Josephine completely resists.
Casting: Summon Blazeheart Golem (dangerous; 4% risk of failure)
Confirm with . or Enter, or press ? or * to list all spells.
You call for your canine familiar and it appears with a howl!
You feel sick. Josephine hits you but does no damage.
You are more poisoned.
Unknown command.
You feel better. Josephine closely misses you.
You swap places.
Josephine points at you and mumbles some strange words.
The ghostly flame explodes!
The ghostly fireball engulfs your inugami!
Your inugami is drained!
The ghostly fireball engulfs you!!
You feel drained.
You die...

..^...............#
#################.#
##*### #.# ..##.#
#.# .....### #.#
..##...#### #.#
..#.#.....# #@#
#.#.#.###.#######h#
.#.#.## .......@.#
.#.##.#* .........#
#.## .# #........#
.## ## #.######.#
..# ,,, #, #.# ..#
, , #.# .## * * #.#
## * * .# ..# ,* **


You could see Josephine (ally target) and a friendly inugami (summoned,
drained).

Vanquished Creatures
  Snorg (D:12)
  3 two-headed ogres
  3 death yaks (D:11)
  A skyshark (Lair:2)
  An ugly thing (D:12)
  2 cyclopes (D:12)
  Joseph (D:7)
  An unseen horror (D:11)
  A cane toad (Lair:2)
  Jeremiah (D:6)
  2 rime drakes (Lair:1)
  A gargoyle (D:11)
  A kobold demonologist (D:11)
  A komodo dragon (Lair:2)
  2 nameless horrors
  3 trolls
  A polar bear (Lair:1)
  Prince Ribbit (D:8)
  5 blink frogs (Lair:2)
  A tarantella (D:5)
  A shadow (D:10)
  A wraith (D:12)
  Eustachio (D:6)
  2 wyverns (D:10)
  8 yaks
  A basilisk (Lair:1)
  Menkaure (D:6)
  2 acid dragons
  3 water moccasins
  An orc warrior (D:10)
  An ice beast (D:6)
  2 black bears
  10 wolves
  4 centaurs
  A phantom (D:4)
  4 bullfrogs
  A scorpion (D:5)
  2 wights
  16 killer bees (D:9)
  5 howler monkeys
  A bombardier beetle (D:6)
  A jelly (D:7)
  8 orc priests
  A sleepcap (D:7)
  Jessica (D:2)
  Ijyb (D:3)
  8 orc wizards
  A hell rat (D:11)
  10 gnolls
  3 adders
  A river rat (D:11)
  A white imp (D:7)
  2 ribbon worms
  4 dart slugs
  33 orcs
  10 endoplasms
  3 giant cockroaches
  10 goblins
  10 hobgoblins
  2 jackals (D:5)
  6 kobolds
  3 quokkas
  6 ball pythons
  6 bats
  4 frilled lizards
  11 rats
247 creatures vanquished.

Vanquished Creatures (collateral kills)
  A two-headed ogre (D:12)
  Nergalle (Lair:1)
  Pikel (D:9)
  A deep elf pyromancer (D:12)
  A cyclops (D:12)
  A cane toad (Lair:1)
  A kobold demonologist (D:11)
  An unseen horror (D:12)
  2 komodo dragons (Lair:1)
  Psyche (D:11)
  A shadow (D:10)
  2 yaks
  2 vampire mosquitoes (D:11)
  2 acid dragons (D:11)
  2 water moccasins
  A wolf (Lair:2)
  2 kobold brigands (D:11)
  A bullfrog (Lair:2)
  Blork the orc (D:6)
  A gnoll sergeant (D:10)
  2 wights (D:8)
  9 killer bees (D:9)
  A jelly (D:7)
  2 orc priests
  An orc wizard (D:11)
  A hell rat (D:11)
  3 gnolls (D:10)
  A river rat (D:11)
  A ribbon worm (D:4)
  4 orcs
  An endoplasm (D:4)
  2 goblins (D:10)
  A hobgoblin (D:4)
  A jackal (D:5)
  2 quokkas (D:11)
  A ball python (D:4)
  2 kobolds (D:11)
61 creatures vanquished.

Vanquished Creatures (others)
  A cyclops (D:11)
  A cane toad (Lair:2)
  A queen bee (D:9)
  A polar bear (Lair:1)
  A yak (Lair:1)
  2 killer bees (D:9)
  An orc (D:12)
  A kobold (D:11)
  A quokka (D:11)
  31 blazeheart cores
41 creatures vanquished.

Grand Total: 349 creatures vanquished

Notes
Turn   | Place    | Note
-------+----------+-------------------------------------------
     0 | D:1      | spaghetti the Tengu Chaos Knight began the quest for the
                  | Orb.
     0 | D:1      | Reached XP level 1. HP: 14/14 MP: 2/2
    29 | D:1      | Reached XP level 2. HP: 12/19 MP: 3/3
   231 | D:1      | Found a faded altar of an unknown god.
   260 | D:1      | XOM: silly message
   367 | D:1      | XOM: silly message
   369 | D:1      | Reached XP level 3. HP: 24/24 MP: 4/4
   455 | D:1      | XOM: silly message
   462 | D:1      | XOM: silly message
   811 | D:2      | Noticed Jessica
   812 | D:2      | XOM: potion effect (brilliance)
   814 | D:2      | Killed Jessica
   815 | D:2      | Reached XP level 4. HP: 30/30 MP: 5/5
   881 | D:2      | Learned a level 2 spell: Call Imp
   970 | D:2      | Reached skill level 5 in Fighting
  1253 | D:2      | XOM: cloud trail
  1511 | D:3      | XOM: silly message
  1589 | D:3      | Noticed a centaur
  1591 | D:3      | Gained mutation: Your flesh is heat resistant. (rF+)
                  | [potion of mutation]
  1591 | D:3      | Gained mutation: Your body sometimes deteriorates upon
                  | taking damage. [potion of mutation]
  1591 | D:3      | Gained mutation: Your mind is acute. (Int +4, Str/Dex -1)
                  | [potion of mutation]
  1607 | D:3      | Killed a centaur
  1608 | D:3      | Reached skill level 1 in Spellcasting
  1608 | D:3      | Reached XP level 5. HP: 29/35 MP: 5/8
  1609 | D:3      | Lost mutation: Your body sometimes deteriorates upon taking
                  | damage. [potion of mutation]
  1609 | D:3      | Lost mutation: Your flesh is heat resistant. (rF+) [potion
                  | of mutation]
  1609 | D:3      | Gained mutation: You passively map a small area around you.
                  | [potion of mutation]
  1609 | D:3      | Gained mutation: You are partially covered in iridescent
                  | scales. (AC +2) [potion of mutation]
  1609 | D:3      | Gained mutation: You passively map the area around you.
                  | [potion of mutation]
  1725 | D:3      | XOM: divination: detect items
  1732 | D:3      | Found a bloodstained altar of Trog.
  2231 | D:3      | Found a runed translucent door.
  2232 | D:3      | Noticed Crazy Yiuf
  2399 | D:4      | Found Tinaar's Jewellery Emporium.
  2554 | D:4      | XOM: silly message
  2557 | D:4      | Noticed Ijyb
  2558 | D:4      | Noticed a phantom
  2581 | D:3      | Killed Ijyb
  2582 | D:3      | Reached XP level 6. HP: 38/40 MP: 0/9
  2594 | D:3      | XOM: silly message
  2666 | D:5      | Entered Level 5 of the Dungeon
  2863 | D:5      | Noticed a black bear
  2867 | D:5      | XOM: potion effect (invisibility)
  2973 | D:5      | XOM: 6-stop teleportation journey
  3018 | D:5      | a black bear changed into a tarantella
  3018 | D:5      | Noticed a tarantella
  3018 | D:5      | XOM: polymorph black bear -> tarantella
  3079 | D:3      | XOM: summons 4 hostile demons
  3240 | D:4      | Gained mutation: Your magical flight helps you evade
                  | attacks. (EV +4) [Tengu growth]
  3240 | D:4      | Reached XP level 7. HP: 46/46 MP: 9/12
  3683 | D:5      | Killed a tarantella
  4043 | D:5      | Reached skill level 5 in Summonings
  4226 | D:6      | Found a staircase to the Ecumenical Temple.
  4287 | D:6      | Noticed Jeremiah
  4288 | D:6      | XOM: chaos cloud
  4293 | D:6      | XOM: divination: magic mapping
  4294 | D:6      | XOM: stat loss: -1 Str (11/12)
  4300 | D:6      | XOM: 7-stop teleportation journey
  4318 | D:6      | Found a sacrificial altar of Ru.
  4318 | D:6      | Found a snail-covered altar of Cheibriados.
  4318 | D:6      | Found a sparkling altar of Nemelex Xobeh.
  4319 | D:6      | Found a white marble altar of Elyvilon.
  4319 | D:6      | Found a glowing golden altar of the Shining One.
  4319 | D:6      | Found a shadowy altar of Dithmenos.
  4321 | D:6      | Found an ancient bone altar of Kikubaaqudgha.
  4321 | D:6      | Found a shimmering blue altar of Sif Muna.
  4322 | D:6      | Found a blossoming altar of Fedhas.
  4323 | D:6      | Found a radiant altar of Vehumet.
  4323 | D:6      | Found a basalt altar of Yredelemnul.
  4335 | D:6      | Reached XP level 8. HP: 49/52 MP: 14/14
  4384 | D:6      | Noticed Menkaure
  4386 | D:6      | Noticed Maggie
  4387 | D:6      | Killed Menkaure
  4388 | D:6      | Maggie changed into Maggie the howler monkey
  4388 | D:6      | Noticed Maggie
  4388 | D:6      | XOM: polymorph Maggie -> Maggie the howler monkey
  4392 | D:6      | Killed Maggie the howler monkey
  4397 | D:6      | Noticed Eustachio
  4410 | D:6      | Killed Eustachio
  4440 | D:6      | Noticed a two-headed ogre
  4450 | D:6      | XOM: swap monsters
  4474 | D:6      | Killed a two-headed ogre
  4475 | D:6      | Reached XP level 9. HP: 34/57 MP: 14/17
  4614 | D:6      | Noticed Blork the orc
  4621 | D:6      | Killed Blork the orc
  4786 | D:6      | XOM: cast spell 'Summon Small Mammal'
  4820 | D:6      | Reached skill level 5 in Spellcasting
  4868 | D:5      | XOM: god gift: 42 gold pieces
  4902 | D:6      | XOM: divination: magic mapping
  5070 | D:6      | Killed Jeremiah
  5410 | D:7      | XOM: cast spell 'Summon Ice Beast'
  5692 | D:7      | Reached skill level 5 in Armour
  5836 | D:7      | Noticed Joseph
  5846 | D:7      | XOM: silly message
  5854 | D:7      | Killed Joseph
  5865 | D:7      | XOM: silly message
  6135 | D:7      | XOM: divination: magic mapping
  6172 | D:8      | Reached skill level 5 in Dodging
  6195 | D:7      | XOM: divination: detect creatures
  6319 | D:8      | Reached XP level 10. HP: 48/62 MP: 19/19
  6531 | D:8      | Found a runed translucent door.
  6534 | D:8      | Noticed jimmypageman's ghost (novice MiFi)
  6535 | D:8      | Identified the +5 trident of Accord {flame, rC+}
  6540 | D:8      | Noticed Prince Ribbit
  6548 | D:8      | Killed Prince Ribbit
  7139 | D:9      | XOM: summons friendly shadow imp
  7455 | D:9      | Noticed a boulder beetle
  7457 | D:9      | Noticed Maurice
  7462 | D:9      | XOM: divination: detect creatures
  7581 | D:9      | XOM: cast spell 'Metabolic Englaciation'
  7587 | D:8      | XOM: cleaving
  7590 | D:8      | Banished a boulder beetle
  7650 | D:9      | XOM: enchant monster (good)
  7651 | D:9      | Banished Maurice
  7696 | D:9      | Learned a level 3 spell: Call Canine Familiar
  7701 | D:9      | Learned a level 4 spell: Summon Blazeheart Golem
  7761 | D:9      | Noticed Pikel
  7769 | D:9      | XOM: cleaving
  7774 | D:9      | Killed Pikel
  7775 | D:9      | Reached skill level 1 in Fire Magic
  7826 | D:9      | XOM: cloud trail
  8096 | D:9      | Learned a level 7 spell: Summon Hydra
  8387 | D:9      | XOM: scenery: 1 doors close
  8428 | D:9      | XOM: cast spell 'Cause Fear'
  8609 | D:9      | Reached XP level 11. HP: 71/71 MP: 22/22
  8621 | D:9      | Identified the serpent talisman of Bifioz {Int+2}
  8674 | D:10     | Entered Level 10 of the Dungeon
  8700 | D:10     | XOM: noise
  8716 | D:10     | XOM: potion effect (invisibility)
  8724 | D:10     | Found a flagged portal.
  8724 | D:10     | Found a broken altar of Ashenzari.
  8724 | D:10     | XOM: 8-stop teleportation journey
  8816 | D:10     | Noticed a two-headed ogre
  8826 | D:10     | Killed a two-headed ogre
  9363 | D:10     | Found a burning altar of Makhleb.
  9491 | D:10     | XOM: 1-stop teleportation journey
  9741 | D:10     | XOM: god gift: worn copper wand {god gift}
  9881 | D:11     | XOM: destruction
 10131 | D:11     | Noticed Psyche
 10134 | D:11     | Noticed a death yak
 10135 | D:11     | Noticed a death yak
 10140 | D:11     | Noticed a death yak
 10149 | D:11     | XOM: butterfly on damage
 10158 | D:11     | Killed a death yak
 10159 | D:11     | Reached skill level 1 in Evocations
 10161 | D:11     | Noticed a sun demon
 10164 | D:11     | Killed a death yak
 10165 | D:11     | Reached skill level 5 in Fire Magic
 10167 | D:11     | Noticed a sixfirhy
 10172 | D:11     | Killed a death yak
 10176 | D:11     | XOM: destruction
 10180 | D:11     | Found a staircase to the Lair.
 10180 | D:11     | XOM: 7-stop teleportation journey
 10188 | Lair:1   | Entered Level 1 of the Lair of Beasts
 10625 | Lair:1   | XOM: butterfly on damage
 10631 | Lair:1   | XOM: divine lightning
 10632 | Lair:1   | XOM: potion effect (brilliance)
 10638 | Lair:1   | Noticed Nergalle
 10645 | Lair:1   | XOM: confuse monster(s)
 10681 | Lair:1   | Reached XP level 12. HP: 49/77 MP: 22/24
 10933 | Lair:1   | Reached skill level 10 in Fighting
 11048 | Lair:1   | Reached skill level 10 in Summonings
 11063 | Lair:1   | XOM: scenery: create altars
 11068 | Lair:1   | Killed Nergalle
 11403 | Lair:1   | XOM: divination: detect items
 11590 | Lair:1   | XOM: god gift: book of Cantrips
 11717 | Lair:1   | XOM: give mutation
 11717 | Lair:1   | Gained mutation: You are mostly covered in iridescent
                  | scales. (AC +4) [Xom's grace]
 11895 | Lair:2   | Noticed a skyshark
 11902 | Lair:2   | XOM: cleaving
 11906 | Lair:2   | Killed a skyshark
 11910 | Lair:2   | Noticed Sonja
 11921 | Lair:2   | Noticed Erica
 11936 | Lair:2   | Banished Erica
 12191 | Lair:2   | XOM: summons friendly white imp
 12194 | Lair:2   | XOM: god gift: dagger {god gift}
 12198 | Lair:2   | XOM: confuse monster(s)
 12228 | Lair:2   | XOM: snakes to sticks
 12256 | Lair:2   | XOM: smoke on damage
 12369 | Lair:2   | XOM: god gift: scale mail {god gift}
 12450 | Lair:2   | Found a staircase to the Shoals.
 12451 | Lair:2   | Noticed a nameless horror
 12457 | Lair:2   | XOM: scenery: 2 doors close
 12458 | Lair:2   | XOM: cast spell 'Monstrous Menagerie'
 12569 | Lair:2   | XOM: potion effect (magic)
 12569 | Lair:2   | Noticed a death yak
 12571 | Lair:2   | Noticed a death yak
 12573 | Lair:2   | Noticed a death yak
 12578 | Lair:1   | Noticed a nameless horror
 12578 | Lair:1   | XOM: confuse monster(s)
 12587 | Lair:1   | XOM: destruction
 12588 | Lair:1   | Gained mutation: You occasionally lose the ability to drink
                  | potions when taking damage. [mutagenic glow]
 12598 | Lair:1   | XOM: fake destruction
 12898 | D:11     | Killed Psyche
 12899 | D:11     | Reached skill level 5 in Evocations
 13015 | D:11     | Noticed a nameless horror
 13015 | D:11     | XOM: destruction
 13019 | D:11     | Banished a nameless horror
 13238 | D:11     | XOM: 3-stop teleportation journey
 13368 | D:11     | XOM: scenery: 1 doors open, 2 doors close
 13500 | D:11     | Xom revived you
 13511 | D:11     | XOM: scenery: 3 doors close
 13827 | D:12     | Noticed Snorg
 13836 | D:12     | XOM: cleaving
 13843 | D:12     | Killed Snorg
 14093 | D:12     | XOM: destruction
 14115 | D:12     | Found a staircase to the Orcish Mines.
 14168 | D:12     | XOM: god gift: 2 silver javelins
 14265 | D:12     | XOM: 1-stop teleportation journey
 14266 | D:12     | XOM: god gift: 50 gold pieces
 14271 | D:12     | XOM: destruction
 14293 | D:12     | Reached skill level 10 in Armour
 14339 | D:12     | Noticed a two-headed ogre
 14346 | D:12     | XOM: cleaving
 14346 | D:12     | Killed a two-headed ogre
 14347 | D:12     | Reached XP level 13. HP: 53/82 MP: 8/27
 14350 | D:12     | XOM: scenery: summon butterflies
 14365 | D:12     | XOM: fog
 14367 | D:12     | XOM: potion effect (berserk rage)
 14369 | D:12     | Reached skill level 10 in Dodging
 14464 | D:12     | XOM: noise
 14589 | D:12     | XOM: divination: magic mapping
 14649 | D:12     | Reached skill level 10 in Spellcasting
 14704 | D:12     | XOM: butterfly on damage
 14963 | D:12     | XOM: potion effect (attraction)
 15036 | D:12     | Noticed Josephine
 15047 | D:12     | Killed from afar by Josephine

Illustrated notes

Levels and vault maps discovered:
D:1:      dpeg_arrival_shelter, layout_loops_ring, basic_ecumenical_altar
D:2:      layout_basic, serial_bayou, serial_bayou_pond_a,
          serial_bayou_lagoon_a, serial_bayou_lake_a, serial_bayou_ford_a,
          uniq_jessica
D:3:      layout_loops_ring, bloody_trog, uniq_crazy_yiuf_cottage
D:4:      layout_basic, serial_shops, nicolae_shop_gaudy_bauble,
          interstate_on_off, uniq_ijyb
D:5:      layout_gridville
D:6:      layout_loops_ring, nicolae_overflows_in_rows,
          minmay_temple_entry_drinking_statues, minmay_gold_behind_fungi,
          uniq_menkaure, uniq_eustachio, uniq_blork_the_orc, uniq_jeremiah,
          uniq_maggie
D:7:      layout_loops_ring, uniq_joseph
D:8:      layout_rooms, ebering_ghost_funeral_grove, patterned_corridor,
          uniq_prince_ribbit1
D:9:      layout_roguey [special_room_bee], uniq_pikel, uniq_maurice
D:10:     layout_basic, grunt_temple_overflow_open, enter_bailey_5
D:11:     layout_roguey, dpeg_lair_monsters, hex_tiny, uniq_psyche
D:12:     layout_small_grid, erik_orc_3, uniq_josephine, uniq_snorg
Lair:1:   layout_loops_ring, grunt_megastairs_4, uniq_nergalle
Lair:2:   layout_long_grid, elwin_shoals_entry_stream, dummy_snake_entry,
          uniq_erica, uniq_sonja

Skill      XL: |  1  2  3  4  5  6  7  8  9 10 11 12 13 |
---------------+----------------------------------------+-----
Fighting       | 4 5 6 7 8 9 10 | 10.0
Spellcasting   | 1 2 3 4 5 6 7 9 10 | 10.0
Summonings     | 2 3 5 6 7 8 9 10 | 10.9
Dodging        | 3 5 6 7 9 10 | 10.0
Armour         | 4 5 7 8 10 | 10.0
Fire Magic     | 3 5 |  5.0
Evocations     | 3 5 |  5.0
Polearms       | |  3.2

Action                     |  1- 3 |  4- 6 |  7- 9 | 10-12 | 13-15 || total
---------------------------+-------+-------+-------+-------+-------++-------
  Melee: Spear             |    39 |       |       |       |       ||    39
         Kick              |    24 |    40 |    44 |    83 |    20 ||   211
         Peck              |     8 |    23 |    25 |    50 |    14 ||   120
         Short sword       |    48 |     2 |       |       |       ||    50
         Long sword        |       |   144 |    28 |       |       ||   172
         Flail             |       |       |   159 |   288 |    49 ||   496
         Punch             |       |       |     3 |       |     1 ||     4
  Throw: Throwing net      |       |       |     1 |     2 |       ||     3
   Cast: Call Imp          |       |    25 |    39 |    70 |     4 ||   138
         Summon Blazeheart |       |       |       |    71 |     5 ||    76
         Call Canine Famil |       |       |       |    50 |     5 ||    55
  Evoke: Wand              |       |       |     7 |     8 |       ||    15
    Use: Potion            |     1 |     4 |     3 |     7 |     1 ||    16
         Scroll            |     4 |     8 |     5 |     9 |       ||    26
   Stab: Distracted        |       |       |     1 |     2 |       ||     3
 Armour: Ring mail         |    27 |   175 |   108 |   224 |    34 ||   568
         Leather armour    |     1 |       |       |       |       ||     1
         Skin              |       |       |     2 |       |       ||     2
  Dodge: Dodged            |    39 |   200 |   215 |   610 |    57 ||  1121
